 Dungeon Crawl Stone Soup version 0.27-a0-1065-ge809cff456 (webtiles) character file.

Game seed: 7080524375308142986

124 leviel the Skirmisher (level 4, 0/42 HPs)
             Began as a Minotaur Fighter on Apr 23, 2021.
             Killed from afar by a white imp (12 damage)
             ... with a puff of frost
             ... summoned by Natasha
             ... on level 2 of the Dungeon.
             The game lasted 00:02:12 (2019 turns).

leviel the Skirmisher (Minotaur Fighter)            Turns: 2019, Time: 00:02:13

Health: 0/42       AC:  8    Str: 21    XL:     4   Next: 81%
Magic:  3/3        EV:  7    Int:  5    God:
Gold:   94         SH:  9    Dex: 10    Spells: 3/3 levels left

rFire    . . .     SeeInvis .   a - +0 long sword
rCold    . . .     Faith    .   c - +0 kite shield
rNeg     . . .     Spirit   .   b - +0 scale mail
rPois    .         Reflect  .   (helmet restricted)
rElec    .         Harm     .   (no cloak)
rCorr    .         Rampage  .   (no gloves)
Will     .....                  f - +0 pair of boots
Stlth    ..........             (no amulet)
HPRegen  0.14/turn              (no ring)
MPRegen  0.08/turn              (no ring)

@: slowed, very slow
A: horns 2, retaliatory headbutt
a: no special abilities


You were on level 2 of the Dungeon.
You visited 1 branch of the dungeon, and saw 3 of its levels.

You collected 94 gold pieces.

Inventory:

Hand Weapons
 a - a +0 long sword (weapon)
Armour
 b - a +0 scale mail (worn)
 c - a +0 kite shield (worn)
 f - a +0 pair of boots (worn)
Scrolls
 g - a scroll of identify {unknown}
 i - a scroll of fog {unknown}
 k - a scroll of silence {unknown}
 l - a scroll of teleportation {unknown}
 m - a scroll of magic mapping {unknown}
Potions
 d - a potion of might
 e - a potion of invisibility {unknown}
 h - a potion of haste {unknown}
 j - a potion of curing
 n - a potion of attraction {unknown}


   Skills:
 + Level 5.2 Fighting
 + Level 3.9 Long Blades
 - Level 4.1 Armour
 - Level 4.1 Shields


You had 3 spell levels left.
You didn't know any spells.
Your spell library was empty.

Dungeon Overview and Level Annotations

Branches:
Dungeon (3/15)

Altars:

Shops:
D:1 [

Annotations:
D:2 Natasha


Innate Abilities, Weirdness & Mutations

You have a pair of horns on your head.
You reflexively headbutt those who attack you in melee.


Message History

Natasha claws you but does no damage. The orc hits you with a +0 flail.
* * * LOW HITPOINT WARNING * * *
The orc hits you with a +0 club.
* * * LOW HITPOINT WARNING * * *
Something hits you but does no damage. The orc hits you with a +0 flail.
* * * LOW HITPOINT WARNING * * *
Natasha casts a spell.
It was a potion of curing.
You feel better. You block the orc's attack.
Something hits you but does no damage.
Natasha stares at you and mumbles some strange words.
The magic dart hits you but does no damage.
The orc barely misses you. You block the orc's attack.
Something hits you but does no damage. The orc barely misses you.
You furiously retaliate!
You headbutt the orc!
You kill the orc!
The orc hits you but does no damage. Something hits you but does no damage.
Natasha casts a spell.
You feel better. The orc hits you but does no damage.
Natasha mewls in sadness.
Your shield prevents you from hitting the orc.
You headbutt the orc!
You kill the orc!
You barely miss something. Your headbutt misses something.
Something hits you but does no damage. The white imp gestures at you.
The puff of frost hits something!
You block something's attack.
You closely miss something. Your headbutt misses something.
Natasha mumbles some strange words.
You hear some strange, mumbled words.
A puff of flame appears from out of thin air!
The puff of flame hits you!
* * * LOW HITPOINT WARNING * * *
You slash something!
Reactivating autopickup.
You feel a bit more experienced. Natasha casts a spell at you.
You feel yourself slow down. The white imp gestures at you.
The puff of frost hits you!
You die...

##.# #.##.#
#............###
#.######.##.#
####.#...###.#
#...........# #.........#
#.######.#..# ###.#######
#.# #.#..# #.#
####.######.#>)# #.#
...............# #.#
###..########.#########.#
###..# #####.5h)@.......#
.....###......5##########
####.....###...# #.#####
##.## #.# #.#
#.########.# #..†..<....#
############


You could see Natasha, a white imp (summoned) and a shadow imp (summoned).

Vanquished Creatures
  An orc wizard (D:2)
  Terence (D:2)
  3 adders
  2 worms
  7 dart slugs
  2 orcs (D:2)
  2 ball pythons
  4 bats
  4 endoplasms
  3 giant cockroaches
  5 goblins
  6 hobgoblins
  3 quokkas
  3 frilled lizards
  2 kobolds (D:1)
  A rat (D:3)
49 creatures vanquished.

Notes
Turn   | Place    | Note
-------+----------+-------------------------------------------
     0 | D:1      | leviel the Minotaur Fighter began the quest for the Orb.
     0 | D:1      | Reached XP level 1. HP: 19/19 MP: 0/0
   210 | D:1      | Reached XP level 2. HP: 27/27 MP: 1/1
   211 | D:1      | Reached skill level 4 in Fighting
   568 | D:1      | Reached XP level 3. HP: 33/33 MP: 2/2
   607 | D:1      | Found Upnoram's Antique Armour Emporium.
   618 | D:1      | Found a faded altar of an unknown god.
  1088 | D:2      | Noticed Terence
  1104 | D:2      | Killed Terence
  1105 | D:2      | Reached XP level 4. HP: 15/41 MP: 3/3
  1534 | D:2      | Reached skill level 5 in Fighting
  1979 | D:3      | Noticed Natasha
  2019 | D:2      | Killed from afar by a white imp

Illustrated notes

Levels and vault maps discovered:
D:1:      amcnicky_arrival_wind_blow, layout_basic, serial_shops, shop,
          hellmonk_ecumenical_altar_arch_garden, minmay_tetromino_s4
D:2:      layout_loops_ring, serial_glass, glass_columns_a, glass_columns_a,
          nicolae_underground_beach, uniq_terence
D:3:      layout_basic, uniq_natasha

Skill      XL: |  1  2  3  4 |
---------------+-------------+-----
Fighting       | 4 5 |  5.2
Armour         | 4 |  4.1
Shields        | 4 |  4.1
Long Blades    | 3 |  3.9

Action                   |  1- 3 |  4- 6 || total
-------------------------+-------+-------++-------
Melee: Long sword        |    58 |    45 ||   103
       Headbutt          |    10 |     8 ||    18
  Use: Potion            |       |     2 ||     2
Armor: Scale mail        |    18 |    38 ||    56
Dodge: Dodged            |    14 |    24 ||    38
Block: Kite shield       |    33 |    25 ||    58
       Rpst.: Long sword |     2 |     3 ||     5

Table legend: (Time is in decaauts)
 A = Elapsed time spent in this place.
 B = Non-inter-level travel time spent in this place.
 C = Inter-level travel time spent in this place.
 D = Time resting spent in this place.
 E = Time spent auto-exploring this place.
 F = Levels seen in this place.
 G = Mean time per level.
                   A        B        C        D        E       F      G
               +--------+--------+--------+--------+--------+-----+--------+
         Total |   2067 |   1965 |    102 |     21 |   1645 |   3 |  689.0 |
       Dungeon |   2067 |   1965 |    102 |     21 |   1645 |   3 |  689.0 |
               +--------+--------+--------+--------+--------+-----+--------+

Top non-repeatable levels by time:
     D:1: 961 daAuts
     D:2: 959 daAuts
     D:3: 146 daAuts
